TOP OF THE 1ST |
Waterbury Rough Riders batting - Pitching for Lynn Sailors : RHP Joe Whitmer
|
Pitching: RHP Joe Whitmer
|
|
Batting: RHB David Corman
|
0-0: Called Strike 0-1: SINGLE (Line Drive, 6M, EV 100.0 MPH)
|
Batting: RHB Jack Fimple
|
0-0: Swinging Strike 0-1: Ball 1-1: Foul Ball, location: 2F 1-2: Strikes out swinging
|
Batting: RHB Billy Beane
|
0-0: Ball 1-0: Reached on error, E5 (Groundball, 56, EV 108.1 MPH) David Corman to second
|
Batting: RHB john W Russell
|
0-0: Called Strike 0-1: Foul Ball, location: 2F 0-2: Foul Ball, location: 2F 0-2: Ball 1-2: Foul Ball, location: 2F 1-2: SINGLE (Flyball, 6MD, EV 97.5 MPH) David Corman to third Billy Beane to second
|
Batting: RHB Junior Ortiz
|
0-0: Called Strike 0-1: Ball 1-1: Fly out, F3 (Flyball, 3D, EV 80.6 MPH)
|
Batting: RHB Dave Wilder
|
0-0: Ball Wild Pitch! David Corman scores Billy Beane to third john W Russell to second 1-0: Ball 2-0: Foul Ball, location: 2F 2-1: Ball 3-1: Fly out, F9 (Flyball, 9S, EV 86.3 MPH)
|
Top of the 1st over - 1 run, 2 hits, 1 error, 2 left on base; Waterbury 1 - Lynn 0 |
BOTTOM OF THE 1ST |
Lynn Sailors batting - Pitching for Waterbury Rough Riders : LHP Ravelo Manzanillo
|
Pitching: LHP Ravelo Manzanillo
|
|
Batting: RHB Ron Wotus
|
0-0: Ball 1-0: TRIPLE (Flyball, 89XD, EV 93.8 MPH)
|
Batting: RHB Jorge Hinojosa
|
0-0: Called Strike 0-1: DOUBLE (Line Drive, 7LM, EV 95.6 MPH) Ron Wotus scores
|
Batting: RHB Mike Rubel
|
0-0: Ball 1-0: Ball 2-0: Called Strike 2-1: Foul Ball, location: 2F 2-2: Ball 3-2: Base on Balls
|
Batting: RHB Mike Reddish
|
0-0: Ball 1-0: Ball 2-0: Ball 3-0: Base on Balls Jorge Hinojosa to third Mike Rubel to second
|
Batting: RHB Ted Trevino
|
0-0: Fly out, F3 (Popup, 3SF, EV 76.3 MPH)
|
Batting: RHB Lee Wenzel
|
0-0: Fly out, F4 (Flyball, 34D, EV 90.0 MPH)
|
Batting: RHB Ezequiel Carrasco
|
0-0: Fielders Choice at 2nd, 5-4 (Groundball, 56, EV 88.1 MPH)
|
Bottom of the 1st over - 1 run, 2 hits, 0 errors, 3 left on base; Waterbury 1 - Lynn 1 |
TOP OF THE 2ND |
Waterbury Rough Riders batting - Pitching for Lynn Sailors : RHP Joe Whitmer
|
Batting: RHB Daniel Purpura
|
0-0: Ball 1-0: Ball 2-0: Called Strike 2-1: Ground out 6-3 (Groundball, 6, EV 103.1 MPH)
|
Batting: RHB Jose Quiroz
|
0-0: Called Strike 0-1: Ball 1-1: Reached on error, E1 (Groundball, 15S, EV 61.3 MPH)
|
Batting: RHB Joseph Pocoroba
|
0-0: Ball 1-0: Called Strike 1-1: Ball 2-1: Ball 3-1: Base on Balls Jose Quiroz to second
|
Batting: RHB David Corman
|
0-0: Fly out, F7 (Flyball, 7D, EV 104.4 MPH)
|
Batting: RHB Jack Fimple
|
0-0: Ball 1-0: Ball 2-0: Ball 3-0: Called Strike 3-1: Base on Balls Jose Quiroz to third Joseph Pocoroba to second
|
Batting: RHB Billy Beane
|
0-0: Ball 1-0: Ball 2-0: Called Strike 2-1: SINGLE (Groundball, 4MD, EV 99.4 MPH) Jose Quiroz scores Joseph Pocoroba to third Jack Fimple to second Runner from 3rd tries for Home, SAFE, throw by CF to home
|
Batting: RHB john W Russell
|
0-0: Called Strike 0-1: Ball 1-1: Called Strike 1-2: Fly out, F9 (Flyball, 89D, EV 103.1 MPH)
|
Top of the 2nd over - 2 runs, 1 hit, 1 error, 2 left on base; Waterbury 3 - Lynn 1 |
BOTTOM OF THE 2ND |
Lynn Sailors batting - Pitching for Waterbury Rough Riders : LHP Ravelo Manzanillo
|
Batting: SHB Danny Gans
|
0-0: Called Strike 0-1: Fly out, F9 (Flyball, 9, EV 89.4 MPH)
|
Batting: RHB Vinny Jaramillo
|
0-0: Ball 1-0: Swinging Strike 1-1: Foul Ball, location: 2F 1-2: Ball 2-2: Strikes out swinging
|
Batting: RHB Ron Wotus
|
0-0: Called Strike 0-1: Fly out, F3 (Popup, 23F, EV 91.9 MPH)
|
Bottom of the 2nd over - 0 runs, 0 hits, 0 errors, 0 left on base; Waterbury 3 - Lynn 1 |
TOP OF THE 3RD |
Waterbury Rough Riders batting - Pitching for Lynn Sailors : RHP Joe Whitmer
|
Batting: RHB Junior Ortiz
|
0-0: Ball 1-0: Swinging Strike 1-1: Ball 2-1: Swinging Strike 2-2: Strikes out swinging
|
Batting: RHB Dave Wilder
|
0-0: Called Strike 0-1: Swinging Strike 0-2: Ball 1-2: Ground out 6-3 (Groundball, 6, EV 85.0 MPH)
|
Batting: RHB Daniel Purpura
|
0-0: Called Strike 0-1: Ball 1-1: Ball 2-1: Ball 3-1: Base on Balls
|
Batting: RHB Jose Quiroz
|
0-0: Ball 1-0: Ball 2-0: Fly out, F3 (Popup, 3SF, EV 69.4 MPH)
|
Top of the 3rd over - 0 runs, 0 hits, 0 errors, 1 left on base; Waterbury 3 - Lynn 1 |
BOTTOM OF THE 3RD |
Lynn Sailors batting - Pitching for Waterbury Rough Riders : LHP Ravelo Manzanillo
|
Batting: RHB Jorge Hinojosa
|
0-0: Ground out 6-3 (Groundball, 6, EV 83.1 MPH)
|
Batting: RHB Mike Rubel
|
0-0: Called Strike 0-1: Fly out, F9 (Flyball, 89M, EV 91.9 MPH)
|
Batting: RHB Mike Reddish
|
0-0: Foul Ball, location: 2F 0-1: Ball 1-1: SINGLE (Groundball, 6MD, EV 111.9 MPH)
|
Batting: RHB Ted Trevino
|
0-0: Ball 1-0: Ball 2-0: Called Strike 2-1: Foul Ball, location: 2F 2-2: Strikes out swinging
|
Bottom of the 3rd over - 0 runs, 1 hit, 0 errors, 1 left on base; Waterbury 3 - Lynn 1 |
TOP OF THE 4TH |
Waterbury Rough Riders batting - Pitching for Lynn Sailors : RHP Joe Whitmer
|
Batting: RHB Joseph Pocoroba
|
0-0: SINGLE (Line Drive, 4MD, EV 97.5 MPH)
|
Batting: RHB David Corman
|
0-0: Ball 1-0: Ball 2-0: Foul Ball, location: 2F 2-1: Called Strike 2-2: Foul Ball, location: 2F 2-2: Ball 3-2: SINGLE (Line Drive, 7S, EV 97.5 MPH) Joseph Pocoroba to second
|
Batting: RHB Jack Fimple
|
0-0: Called Strike 0-1: Fielders Choice at 2nd, 3-6 (Groundball, 34, EV 85.0 MPH) Joseph Pocoroba to third
|
Batting: RHB Billy Beane
|
0-0: Grounds into double play, 4-6-3 (Groundball, 4, EV 99.4 MPH)
|
Top of the 4th over - 0 runs, 2 hits, 0 errors, 1 left on base; Waterbury 3 - Lynn 1 |
BOTTOM OF THE 4TH |
Lynn Sailors batting - Pitching for Waterbury Rough Riders : LHP Ravelo Manzanillo
|
Batting: RHB Lee Wenzel
|
0-0: Swinging Strike 0-1: Swinging Strike 0-2: Ball 1-2: Ball 2-2: DOUBLE (Flyball, 8RXD, EV 97.5 MPH)
|
Batting: RHB Ezequiel Carrasco
|
0-0: Foul Ball, location: 2F 0-1: Foul Ball, location: 2F 0-2: Ground out 2-3 (Groundball, 2L, EV 68.8 MPH) Lee Wenzel to third
|
Batting: SHB Danny Gans
|
0-0: Called Strike 0-1: Ball 1-1: Ball 2-1: Fly out, F7 (Flyball, 7, EV 76.9 MPH) Runner from 3rd tags up, SCORES, throw by LF
|
Batting: RHB Vinny Jaramillo
|
0-0: Ball 1-0: Swinging Strike 1-1: Ball 2-1: Ball 3-1: Called Strike 3-2: Base on Balls
|
Batting: RHB Ron Wotus
|
0-0: Ball 1-0: Swinging Strike Vinny Jaramillo steals 2nd base 1-1: Ground out 6-3 (Groundball, 56, EV 102.5 MPH)
|
Bottom of the 4th over - 1 run, 1 hit, 0 errors, 1 left on base; Waterbury 3 - Lynn 2 |
TOP OF THE 5TH |
Waterbury Rough Riders batting - Pitching for Lynn Sailors : RHP Joe Whitmer
|
Batting: RHB john W Russell
|
0-0: Ball 1-0: Reached on error, E6 (Groundball, 6S, EV 81.9 MPH)
|
Batting: RHB Junior Ortiz
|
0-0: Swinging Strike 0-1: Ball 1-1: Swinging Strike 1-2: Ball 2-2: DOUBLE (Line Drive, 9LM, EV 96.9 MPH) john W Russell scores
|
Batting: RHB Dave Wilder
|
0-0: Ball 1-0: Foul Ball, location: 2F 1-1: Foul Ball, location: 2F 1-2: Ball 2-2: Foul Ball, location: 2F 2-2: Ball 3-2: Fly out, F9 (Flyball, 89D, EV 103.1 MPH) Runner from 2nd tags up, SAFE at 3rd, no throw by RF
|
Batting: RHB Daniel Purpura
|
0-0: Foul Ball, location: 2F 0-1: Ball 1-1: Ball 2-1: Ball 3-1: Swinging Strike 3-2: Fly out, F3 (Popup, 3S, EV 71.3 MPH)
|
Batting: RHB Jose Quiroz
|
0-0: Called Strike 0-1: Foul Ball, location: 2F 0-2: Strikes out swinging, 2-3 out at first.
|
Top of the 5th over - 1 run, 1 hit, 1 error, 1 left on base; Waterbury 4 - Lynn 2 |
BOTTOM OF THE 5TH |
Lynn Sailors batting - Pitching for Waterbury Rough Riders : LHP Ravelo Manzanillo
|
Batting: RHB Jorge Hinojosa
|
0-0: DOUBLE (Flyball, 89D, EV 102.5 MPH)
|
Batting: RHB Mike Rubel
|
0-0: Ball 1-0: Called Strike 1-1: Swinging Strike 1-2: Foul Ball, location: 2F 1-2: Foul Ball, location: 2F 1-2: Ball 2-2: Ball 3-2: Strikes out looking
|
Batting: RHB Mike Reddish
|
0-0: Called Strike 0-1: Called Strike 0-2: Foul Ball, location: 2F 0-2: Strikes out looking
|
Batting: RHB Ted Trevino
|
0-0: Called Strike 0-1: Ball 1-1: Fly out, F9 (Flyball, 9, EV 95.0 MPH)
|
Bottom of the 5th over - 0 runs, 1 hit, 0 errors, 1 left on base; Waterbury 4 - Lynn 2 |
TOP OF THE 6TH |
Waterbury Rough Riders batting - Pitching for Lynn Sailors : RHP Joe Whitmer
|
Batting: RHB Joseph Pocoroba
|
0-0: Ball 1-0: Ball 2-0: Foul Ball, location: 2F 2-1: Ball 3-1: Base on Balls
|
Batting: RHB David Corman
|
0-0: Swinging Strike 0-1: Swinging Strike 0-2: Strikes out swinging
|
Batting: RHB Jack Fimple
|
0-0: Called Strike 0-1: Foul Ball, location: 2F 0-2: Ball 1-2: Strikes out swinging
|
Pitching: RHP Roberto Yan
|
|
Batting: RHB Billy Beane
|
0-0: Called Strike 0-1: Foul Ball, location: 2F 0-2: Ball 1-2: Foul Ball, location: 2F 1-2: Ball 2-2: Fly out, F6 (Line Drive, 6, EV 66.3 MPH)
|
Top of the 6th over - 0 runs, 0 hits, 0 errors, 1 left on base; Waterbury 4 - Lynn 2 |
BOTTOM OF THE 6TH |
Lynn Sailors batting - Pitching for Waterbury Rough Riders : LHP Ravelo Manzanillo
|
Batting: RHB Lee Wenzel
|
0-0: Called Strike 0-1: SINGLE (Line Drive, 8LS, EV 100.0 MPH)
|
Batting: RHB Ezequiel Carrasco
|
0-0: Ball 1-0: Ball 2-0: Ball 3-0: Base on Balls Lee Wenzel to second
|
Pinch Runner at 2nd Rosben Majam:
|
|
Batting: SHB Danny Gans
|
0-0: Called Strike Rosben Majam steals 3rd base 0-1: Ball 1-1: Ball 2-1: Foul Ball, location: 2F 2-2: Strikes out swinging
|
Batting: RHB Vinny Jaramillo
|
0-0: Ball 1-0: Called Strike 1-1: Ball 2-1: Fielders Choice at 2nd, 4-6 (Groundball, 4, EV 86.3 MPH) Rosben Majam scores
|
Batting: RHB Ron Wotus
|
0-0: Ball 1-0: Ball 2-0: Called Strike 2-1: Foul Ball, location: 2F 2-2: Fielders Choice at 2nd, 6-4 (Groundball, 6, EV 106.3 MPH)
|
Bottom of the 6th over - 1 run, 1 hit, 0 errors, 1 left on base; Waterbury 4 - Lynn 3 |
TOP OF THE 7TH |
Waterbury Rough Riders batting - Pitching for Lynn Sailors : RHP Roberto Yan
|
Batting: RHB john W Russell
|
0-0: Fly out, F4 (Popup, 34S, EV 77.5 MPH)
|
Batting: RHB Junior Ortiz
|
0-0: Ball 1-0: Fly out, F5 (Line Drive, 5, EV 73.1 MPH)
|
Batting: RHB Dave Wilder
|
0-0: Ball 1-0: Ball 2-0: Ball 3-0: Base on Balls
|
Batting: RHB Daniel Purpura
|
0-0: Ball 1-0: Ball 2-0: Called Strike 2-1: Ball Dave Wilder steals 2nd base 3-1: Intentional Walk
|
Batting: RHB Jose Quiroz
|
0-0: Called Strike 0-1: Swinging Strike 0-2: Ball 1-2: SINGLE (Groundball, 6MD, EV 102.5 MPH) Dave Wilder to third Daniel Purpura to second Runner from 3rd tries for Home, throw by CF and OUT! 8-2
|
Top of the 7th over - 0 runs, 1 hit, 0 errors, 2 left on base; Waterbury 4 - Lynn 3 |
BOTTOM OF THE 7TH |
Lynn Sailors batting - Pitching for Waterbury Rough Riders : LHP Ravelo Manzanillo
|
Batting: RHB Jorge Hinojosa
|
0-0: Swinging Strike 0-1: Ball 1-1: Foul Ball, location: 2F 1-2: Reached on error, E7 (Flyball, 7S, EV 90.0 MPH)
|
Batting: RHB Mike Rubel
|
0-0: Ball 1-0: Ball 2-0: Swinging Strike 2-1: Ball 3-1: Fly out, F7 (Flyball, 78D, EV 91.3 MPH)
|
Batting: RHB Mike Reddish
|
0-0: Ball 1-0: Called Strike 1-1: Ball 2-1: Grounds into double play, 4-6-3 (Groundball, 4, EV 86.3 MPH)
|
Bottom of the 7th over - 0 runs, 0 hits, 1 error, 0 left on base; Waterbury 4 - Lynn 3 |
TOP OF THE 8TH |
Waterbury Rough Riders batting - Pitching for Lynn Sailors : RHP Roberto Yan
|
Batting: RHB Joseph Pocoroba
|
0-0: Foul Ball, location: 2F 0-1: Ball 1-1: Ball 2-1: Swinging Strike 2-2: Foul Ball, location: 2F 2-2: Ball 3-2: Foul Ball, location: 2F 3-2: Base on Balls
|
Batting: RHB David Corman
|
0-0: Called Strike 0-1: Ball Wild Pitch! Joseph Pocoroba to second 1-1: Foul Ball, location: 2F 1-2: Strikes out looking
|
Batting: RHB Jack Fimple
|
0-0: Ball 1-0: Swinging Strike 1-1: Ball 2-1: Ball 3-1: Base on Balls
|
Batting: RHB Billy Beane
|
0-0: Foul Ball, location: 2F 0-1: Ball 1-1: Foul Ball, location: 2F 1-2: Ball 2-2: TRIPLE (Line Drive, 89XD, EV 113.1 MPH) Joseph Pocoroba scores Jack Fimple scores
|
Batting: RHB john W Russell
|
0-0: Intentional Walk
|
Batting: RHB Junior Ortiz
|
0-0: Ball 1-0: Fly out, F9 (Flyball, 9D, EV 100.6 MPH) Runner from 3rd tags up, SCORES, no throw by RF
|
Pitching: RHP Larry Hrynko
|
|
Batting: RHB Dave Wilder
|
0-0: Swinging Strike 0-1: Foul Ball, location: 2F 0-2: Strikes out swinging
|
Top of the 8th over - 3 runs, 1 hit, 0 errors, 1 left on base; Waterbury 7 - Lynn 3 |
BOTTOM OF THE 8TH |
Lynn Sailors batting - Pitching for Waterbury Rough Riders : LHP Ravelo Manzanillo
|
Batting: RHB Ted Trevino
|
0-0: Ball 1-0: Fly out, F9 (Flyball, 89D, EV 91.3 MPH)
|
Batting: SHB Rosben Majam
|
0-0: Called Strike 0-1: Ball 1-1: Ground out 4-3 (Groundball, 4, EV 102.5 MPH)
|
Batting: RHB Ezequiel Carrasco
|
0-0: Ball 1-0: Foul Ball, location: 2F 1-1: Fly out, F9 (Line Drive, 9, EV 94.4 MPH)
|
Bottom of the 8th over - 0 runs, 0 hits, 0 errors, 0 left on base; Waterbury 7 - Lynn 3 |
TOP OF THE 9TH |
Waterbury Rough Riders batting - Pitching for Lynn Sailors : RHP Larry Hrynko
|
Batting: RHB Daniel Purpura
|
0-0: Ball 1-0: Called Strike 1-1: Ball 2-1: Foul Ball, location: 2F 2-2: Strikes out swinging
|
Batting: RHB Jose Quiroz
|
0-0: Ball 1-0: Swinging Strike 1-1: Foul Ball, location: 2F 1-2: SINGLE (Groundball, 56D, EV 93.8 MPH)
|
Batting: RHB Joseph Pocoroba
|
0-0: Foul Ball, location: 2F 0-1: Ball 1-1: Ball 2-1: Foul Ball, location: 2F 2-2: Foul Ball, location: 2F 2-2: Grounds into double play, 1-4-3 (Groundball, 15S, EV 63.1 MPH)
|
Top of the 9th over - 0 runs, 1 hit, 0 errors, 0 left on base; Waterbury 7 - Lynn 3 |
BOTTOM OF THE 9TH |
Lynn Sailors batting - Pitching for Waterbury Rough Riders : LHP Ravelo Manzanillo
|
Batting: SHB Danny Gans
|
0-0: Called Strike 0-1: Ball 1-1: DOUBLE (Groundball, 5L, EV 99.4 MPH)
|
Batting: RHB Vinny Jaramillo
|
0-0: SINGLE (Line Drive, 3L, EV 111.3 MPH) Danny Gans to third
|
Batting: RHB Ron Wotus
|
0-0: Foul Ball, location: 2F 0-1: Ball 1-1: Called Strike 1-2: Foul Ball, location: 2F 1-2: Ball 2-2: Fly out, F4 (Flyball, 34D, EV 93.8 MPH)
|
Batting: RHB Jorge Hinojosa
|
0-0: Called Strike 0-1: Ball 1-1: Called Strike 1-2: Foul Ball, location: 2F 1-2: Fielders Choice at 2nd, 5-4 (Groundball, 56S, EV 83.1 MPH) Danny Gans scores
|
Batting: RHB Mike Rubel
|
0-0: Swinging Strike 0-1: Ball 1-1: Ball 2-1: Foul Ball, location: 2F 2-2: 2-RUN HOME RUN (Flyball, 7D, EV 96.3 MPH), Distance : 375 ft
|
Pitching: RHP John Maxson
|
|
Now in LF: Gary Skow
|
|
Batting: RHB Mike Reddish
|
0-0: Ball 1-0: Swinging Strike 1-1: SOLO HOME RUN (Flyball, 7D, EV 106.9 MPH), Distance : 361 ft
|
Batting: RHB Ted Trevino
|
0-0: Foul Ball, location: 2F 0-1: Ball 1-1: Ball 2-1: Ground out 4-3 (Groundball, 4M, EV 86.9 MPH)
|
Bottom of the 9th over - 4 runs, 4 hits, 0 errors, 0 left on base; Waterbury 7 - Lynn 7 |
TOP OF THE 10TH |
Waterbury Rough Riders batting - Pitching for Lynn Sailors : RHP Larry Hrynko
|
Pitching: RHP Jose Morales
|
|
Batting: RHB David Corman
|
0-0: Foul Ball, location: 2F 0-1: Ball 1-1: Ball 2-1: Foul Ball, location: 2F 2-2: Fly out, F9 (Flyball, 9LS, EV 90.0 MPH)
|
Batting: RHB Jack Fimple
|
0-0: Called Strike 0-1: Swinging Strike 0-2: Strikes out swinging
|
Batting: RHB Billy Beane
|
0-0: Swinging Strike 0-1: Ground out 5-3 (Groundball, 25, EV 81.3 MPH)
|
Top of the 10th over - 0 runs, 0 hits, 0 errors, 0 left on base; Waterbury 7 - Lynn 7 |
BOTTOM OF THE 10TH |
Lynn Sailors batting - Pitching for Waterbury Rough Riders : RHP John Maxson
|
Batting: SHB Rosben Majam
|
0-0: SINGLE (Line Drive, 89M, EV 101.3 MPH)
|
Pinch Hitting: RHB Ken Gerhart
|
0-0: Called Strike 0-1: Ball Rosben Majam steals 2nd base (no throw) 1-1: Intentional Walk
|
Batting: SHB Danny Gans
|
0-0: Bunted foul 0-1: Ball 1-1: Bunted foul 1-2: Foul Ball, location: 2F 1-2: Foul Ball, location: 2F 1-2: Ball 2-2: Grounds into double play, 6-4-3 (Groundball, 56, EV 79.4 MPH) Rosben Majam to third
|
Batting: RHB Vinny Jaramillo
|
0-0: Ball 1-0: Called Strike 1-1: Ground out 6-3 (Groundball, 56D, EV 76.9 MPH)
|
Bottom of the 10th over - 0 runs, 1 hit, 0 errors, 1 left on base; Waterbury 7 - Lynn 7 |
TOP OF THE 11TH |
Waterbury Rough Riders batting - Pitching for Lynn Sailors : RHP Jose Morales
|
Now in CF: Ken Gerhart
|
|
Batting: RHB john W Russell
|
0-0: Ball 1-0: Called Strike 1-1: Ground out 4-3 (Groundball, 34, EV 81.3 MPH)
|
Batting: RHB Junior Ortiz
|
0-0: Called Strike 0-1: Ball 1-1: Reached on error, E5 (Groundball, 56, EV 91.3 MPH)
|
Batting: RHB Dave Wilder
|
0-0: Intentional Walk
|
Batting: RHB Gary Skow
|
0-0: Called Strike 0-1: Ball 1-1: Foul Ball, location: 2F 1-2: Strikes out looking
|
Pinch Hitting: LHB Mike Lebo
|
0-0: Foul Ball, location: 2F 0-1: Called Strike 0-2: Strikes out looking
|
Top of the 11th over - 0 runs, 0 hits, 1 error, 2 left on base; Waterbury 7 - Lynn 7 |
BOTTOM OF THE 11TH |
Lynn Sailors batting - Pitching for Waterbury Rough Riders : RHP John Maxson
|
Pitching: RHP Marcial Abreu
|
|
Now in RF: Wilson Tucker
|
|
Batting: RHB Ron Wotus
|
0-0: Ball 1-0: Called Strike 1-1: Ball 2-1: Ball 3-1: Base on Balls
|
Batting: RHB Jorge Hinojosa
|
0-0: Ball 1-0: Swinging Strike 1-1: Bunt missed! 1-2: Foul Ball, location: 2F 1-2: Fly out, F5 (Line Drive, 5, EV 72.5 MPH)
|
Batting: RHB Mike Rubel
|
0-0: Ball 1-0: Swinging Strike Balk! Ron Wotus to second 1-1: Intentional Walk
|
Batting: RHB Mike Reddish
|
0-0: Ball 1-0: Fly out, F7 (Flyball, 8LS, EV 86.9 MPH)
|
Batting: RHB Ted Trevino
|
0-0: Called Strike 0-1: Called Strike 0-2: Ball 1-2: Ball 2-2: Strikes out swinging
|
Bottom of the 11th over - 0 runs, 0 hits, 0 errors, 2 left on base; Waterbury 7 - Lynn 7 |
TOP OF THE 12TH |
Waterbury Rough Riders batting - Pitching for Lynn Sailors : RHP Jose Morales
|
Batting: RHB Joseph Pocoroba
|
0-0: Ball 1-0: Fly out, F7 (Flyball, 7LM, EV 89.4 MPH)
|
Batting: RHB David Corman
|
0-0: Foul Ball, location: 2F 0-1: Ball 1-1: Ball 2-1: Swinging Strike 2-2: Ball 3-2: Ground out 4-3 (Groundball, 4S, EV 88.1 MPH)
|
Batting: RHB Jack Fimple
|
0-0: Ball 1-0: Ball 2-0: Ball 3-0: Swinging Strike 3-1: Fly out, F8 (Flyball, 8RD, EV 95.0 MPH)
|
Top of the 12th over - 0 runs, 0 hits, 0 errors, 0 left on base; Waterbury 7 - Lynn 7 |
BOTTOM OF THE 12TH |
Lynn Sailors batting - Pitching for Waterbury Rough Riders : RHP Marcial Abreu
|
Batting: SHB Rosben Majam
|
0-0: Called Strike 0-1: SINGLE (Groundball, 4MD, EV 101.3 MPH)
|
Batting: RHB Ken Gerhart
|
0-0: Ball 1-0: Ball 2-0: Called Strike 2-1: Ball 3-1: Foul Ball, location: 2F 3-2: Foul Ball, location: 2F 3-2: Base on Balls Rosben Majam to second
|
Batting: SHB Danny Gans
|
0-0: Ball 1-0: Bunt missed! 1-1: Bunted foul 1-2: Strikes out swinging
|
Batting: RHB Vinny Jaramillo
|
0-0: Fly out, F8 (Flyball, 8LD, EV 98.1 MPH) Runner from 2nd tags up, SAFE at 3rd with throw by CF
|
Batting: RHB Ron Wotus
|
0-0: Ball 1-0: Ball 2-0: Fielders Choice at 2nd, 5-4 (Groundball, 56, EV 78.1 MPH)
|
Bottom of the 12th over - 0 runs, 1 hit, 0 errors, 2 left on base; Waterbury 7 - Lynn 7 |
TOP OF THE 13TH |
Waterbury Rough Riders batting - Pitching for Lynn Sailors : RHP Jose Morales
|
Batting: RHB Billy Beane
|
0-0: Ball 1-0: SINGLE (Groundball, 15S, EV 63.1 MPH) (infield hit)
|
Batting: RHB john W Russell
|
0-0: Ball Billy Beane is caught stealing 2nd base 2-4 1-0: Called Strike 1-1: Ball 2-1: Ball 3-1: Swinging Strike 3-2: SOLO HOME RUN (Flyball, 89XD, EV 105.6 MPH), Distance : 411 ft
|
Batting: RHB Junior Ortiz
|
0-0: Called Strike 0-1: Ball 1-1: Called Strike 1-2: Ball 2-2: DOUBLE (Line Drive, 7LS, EV 91.3 MPH)
|
Pinch Runner at 2nd David Blume:
|
|
Batting: RHB Dave Wilder
|
0-0: Intentional Walk
|
Batting: RHB Gary Skow
|
0-0: Called Strike 0-1: Foul Ball, location: 2F 0-2: Ball 1-2: Foul Ball, location: 2F 1-2: Ball 2-2: Fly out, F8 (Flyball, 8RS, EV 87.5 MPH)
|
Batting: LHB Wilson Tucker
|
0-0: Called Strike 0-1: Ball 1-1: Ball 2-1: Ground out U3 (Groundball, 34, EV 101.3 MPH)
|
Top of the 13th over - 1 run, 3 hits, 0 errors, 2 left on base; Waterbury 8 - Lynn 7 |
BOTTOM OF THE 13TH |
Lynn Sailors batting - Pitching for Waterbury Rough Riders : RHP Marcial Abreu
|
Batting: RHB Jorge Hinojosa
|
0-0: Ball 1-0: Ball 2-0: SOLO HOME RUN (Flyball, 78XD, EV 96.3 MPH), Distance : 421 ft
|
Batting: RHB Mike Rubel
|
0-0: Ball 1-0: Called Strike 1-1: Ground out 6-3 (Groundball, 56, EV 98.1 MPH)
|
Batting: RHB Mike Reddish
|
0-0: Called Strike 0-1: Foul Ball, location: 2F 0-2: Foul Ball, location: 2F 0-2: Ball 1-2: Strikes out swinging
|
Pinch Hitting: LHB Tony Merulla
|
0-0: Ball 1-0: Called Strike 1-1: SINGLE (Flyball, 4D, EV 83.1 MPH)
|
Pitching: RHP Arcadio Cruz
|
|
Batting: SHB Rosben Majam
|
0-0: Called Strike 0-1: Foul Ball, location: 2F 0-2: Strikes out swinging
|
Bottom of the 13th over - 1 run, 2 hits, 0 errors, 1 left on base; Waterbury 8 - Lynn 8 |
TOP OF THE 14TH |
Waterbury Rough Riders batting - Pitching for Lynn Sailors : RHP Jose Morales
|
Pitching: RHP Dennis Sandoval
|
|
Now at C: Tony Merulla
|
|
Batting: RHB Joseph Pocoroba
|
0-0: Ball 1-0: Called Strike 1-1: Foul Ball, location: 2F 1-2: Ball 2-2: SINGLE (Groundball, 4MS, EV 85.0 MPH) (infield hit)
|
Batting: RHB David Corman
|
0-0: Foul Ball, location: 2F 0-1: Foul Ball, location: 2F 0-2: Ball 1-2: Ball 2-2: Ball 3-2: Ground out 4-3 (Groundball, 4S, EV 64.4 MPH) Joseph Pocoroba to second
|
Batting: RHB Jack Fimple
|
0-0: Foul Ball, location: 2F 0-1: Foul Ball, location: 2F 0-2: Foul Ball, location: 2F 0-2: Ball 1-2: Foul Ball, location: 2F 1-2: Foul Ball, location: 2F 1-2: Ball 2-2: Foul Ball, location: 2F 2-2: Foul Ball, location: 2F 2-2: Ball 3-2: Foul Ball, location: 2F 3-2: 2-RUN HOME RUN (Flyball, 7D, EV 90.0 MPH), Distance : 375 ft
|
Batting: RHB Billy Beane
|
0-0: Called Strike 0-1: Foul Ball, location: 2F 0-2: Ball 1-2: SINGLE (Groundball, 34D, EV 97.5 MPH)
|
Batting: RHB john W Russell
|
0-0: Called Strike 0-1: Fly out, F9 (Flyball, 9, EV 85.0 MPH)
|
Batting: LHB David Blume
|
0-0: Called Strike 0-1: Ball 1-1: Foul Ball, location: 2F 1-2: Foul Ball, location: 2F 1-2: Foul Ball, location: 2F 1-2: Foul Ball, location: 2F 1-2: Strikes out swinging
|
Top of the 14th over - 2 runs, 3 hits, 0 errors, 1 left on base; Waterbury 10 - Lynn 8 |
BOTTOM OF THE 14TH |
Lynn Sailors batting - Pitching for Waterbury Rough Riders : RHP Arcadio Cruz
|
Batting: RHB Ken Gerhart
|
0-0: Called Strike 0-1: Swinging Strike 0-2: Strikes out looking
|
Batting: SHB Danny Gans
|
0-0: Foul Ball, location: 2F 0-1: Ball 1-1: Ground out 6-3 (Groundball, 6, EV 88.8 MPH)
|
Batting: RHB Vinny Jaramillo
|
0-0: Called Strike 0-1: Ball 1-1: Called Strike 1-2: Foul Ball, location: 2F 1-2: Strikes out swinging
|
Bottom of the 14th over - 0 runs, 0 hits, 0 errors, 0 left on base; Waterbury 10 - Lynn 8 |
|